 Dungeon Crawl Stone Soup version 0.16-a0-4133-g472b14a (webtiles) character file.

155 MrRokkomies the Insei (level 5, -5/25 HPs)
             Began as a Vine Stalker Transmuter on Mar 3, 2015.
             Was an Initiate of Okawaru.
             Slain by Grinder (8 damage)
             ... while paralysed by Grinder
             ... on level 3 of the Dungeon.
             The game lasted 00:06:14 (2255 turns).

MrRokkomies the Insei (Vine Stalker Transmuter)     Turns: 2255, Time: 00:06:14

Health: -5/25      AC:  2    Str: 13    XL:     5   Next: 37%
Magic:  0/11       EV:  5    Int: 13    God:    Okawaru [......]
Gold:   141        SH:  0    Dex: 20    Spells: 3 memorised, 2 levels left

rFire  . . .     SeeInvis .       - Unarmed
rCold  . . .     Clarity  .     n - melded +0 leather armour
rNeg   . . .     SustAb   .     (shield currently unavailable)
rPois  x         Gourm    .     e - melded +0 helmet
rElec  .         Spirit   +     (cloak currently unavailable)
rCorr  .         Warding  .     (gloves currently unavailable)
rMut   .         Stasis   .     (boots currently unavailable)
MR     .....                    (no amulet)
Stlth  ++........               (no ring)
                                h - -2 ring of evasion (curse)

@: paralysed, spider-form (expiring), not resistant to hostile enchantments,
unstealthy
A: (fangs 0), regeneration 1, magic shield, (antimagic bite), no device heal 3,
rot immunity
a: End Transformation, Renounce Religion


You were on level 3 of the Dungeon.
You worshipped Okawaru.
Okawaru was noncommittal.
You were hungry.
You were a venomous arachnid creature.
You visited 1 branch of the dungeon, and saw 3 of its levels.

You collected 141 gold pieces.

Inventory:

Missiles
 b - 31 arrows
 l - 8 tomahawks (quivered)
Armour
 e - a +0 helmet (melded)
 n - a +0 leather armour (melded)
Jewellery
 h - a cursed -2 ring of evasion (left front leg)
Scrolls
 g - a scroll of teleportation
Potions
 c - a potion of curing {unknown}
 i - a potion of haste
 k - a potion of brilliance {unknown}
 m - a potion of heal wounds {unknown}
 o - a potion of restore abilities {unknown}
 p - a potion of invisibility {unknown}
Books
 d - a book of Changes

   Spells                             Type                      Level
   a - Beastly Appendage              Transmutation                1
   b - Sticks to Snakes               Transmutation                2
   c - Spider Form                    Transmutation/Poison         3
   d - Ice Form                       Ice/Transmutation            4
   e - Blade Hands                    Transmutation                5
Comestibles
 a - 2 bread rations
 f - a meat ration
 j - 2 slices of pizza


   Skills:
 - Level 0.8 Fighting
 + Level 2.2 Dodging
 * Level 4.5 Unarmed Combat
 - Level 2.1 Spellcasting
 * Level 3.6 Transmutations


You had 2 spell levels left.
You knew the following spells:

 Your Spells              Type           Power        Failure   Level  Hunger
a - Beastly Appendage     Trmt           ##....       21%         1    ##.....
b - Sticks to Snakes      Trmt           ##........   24%         2    ###....
c - Spider Form           Trmt/Pois      #.........   61%         3    ####...


Dungeon Overview and Level Annotations

Branches:
Dungeon (3/15)

Altars:
Okawaru
Qazlal
Ru
Sif Muna

Annotations:
D:3 Grinder


Innate Abilities, Weirdness & Mutations

((You have extremely sharp teeth.))
Your natural rate of healing is unusually fast.
When hurt, damage is shared between your health and your magic reserves.
((Your bite disrupts and absorbs the magic of your enemies.))
Potions and wands cannot restore your health.
You are immune to rotting.


Message History

Grinder is moderately wounded.
Your transformation is almost over.
Grinder rolls his eyes.
Grinder barely misses you.
You hit Grinder.
Grinder is moderately wounded.
Grinder barely misses you.
You hit Grinder but do no damage. Your bite misses Grinder.
Grinder is moderately wounded.
Grinder gestures at you.
You suddenly lose the ability to move!
Grinder barely misses you. Grinder hits you.
You writhe in agony.
Grinder hits you!
* * * LOW HITPOINT WARNING * * *
You writhe in agony.
* * * LOW HITPOINT WARNING * * *
Grinder says, "There's only one good use for a tongue: cutting it out."
Grinder hits you!
You die...

## .. ###.########## .
. .............. .. ?.
#...........# #.
##.#...........### #.
.........5......... #.
#...s.......### #.
#.#<..........#
#.####.#.#.###.[...#.#
#..†...#.#####.....#
#..#####....÷......# #
#..................#.#
#...............#....#
#...............#.####
# #...............#.#


You could see Grinder.

Vanquished Creatures
  A hound (D:3)
  6 adders
  3 gnolls (D:2)
  3 giant geckos
  2 giant cockroaches (D:1)
  3 hobgoblins
  6 kobolds
  A quokka (D:2)
  A ball python (D:1)
  9 bats
  8 goblins
  8 rats
51 creatures vanquished.

Notes
Turn   | Place    | Note
--------------------------------------------------------------
     0 | D:1      | MrRokkomies, the Vine Stalker Transmuter, began the quest for the Orb.
     0 | D:1      | Reached XP level 1. HP: 9/9 MP: 3/3
    96 | D:1      | Reached XP level 2. HP: 12/14 MP: 5/5
   679 | D:1      | Learned a level 2 spell: Sticks to Snakes
   721 | D:2      | Reached XP level 3. HP: 17/17 MP: 7/7
   726 | D:2      | Learned a level 3 spell: Spider Form
   929 | D:2      | Reached XP level 4. HP: 6/21 MP: 4/8
  1006 | D:2      | Reached skill level 4 in Unarmed Combat
  1223 | D:2      | Found a sacrificial altar of Ru.
  1232 | D:2      | Became a worshipper of Ru the Awakened
  1654 | D:2      | Found an iron altar of Okawaru.
  1654 | D:2      | Found a stormy altar of Qazlal.
  1657 | D:2      | Fell from the grace of Ru
  1657 | D:2      | Became a worshipper of Warmaster Okawaru
  1905 | D:3      | Reached XP level 5. HP: 19/25 MP: 9/11
  1911 | D:3      | Noticed Grinder
  2205 | D:3      | Found a deep blue altar of Sif Muna.
  2251 | D:3      | Paralysed by Grinder for 6 turns
  2255 | D:3      | Slain by Grinder

Action                   |  1- 3 |  4- 6 || total
-------------------------+-------+-------++-------
Melee: Unarmed           |    95 |    83 ||   178
Throw: Tomahawk          |     4 |     7 ||    11
       Throwing net      |     2 |       ||     2
 Cast: Beastly Appendage |     3 |     7 ||    10
       Spider Form       |       |     1 ||     1
  Use: Scroll            |     3 |     5 ||     8
 Stab: Sleeping          |     1 |       ||     1
       Held in net/web   |     1 |       ||     1
  Eat: Chunk             |       |     4 ||     4
